 Dungeon Crawl Stone Soup version 0.28-a0-1510-gd0f6b136d3 (webtiles) character file.

Game seed: 7556138641761659590

1593 Shayle the Ducker (level 9, -4/99 HPs)
             Began as a Djinni Warper on Jan 16, 2022.
             Was an Initiate of Ashenzari.
             Slain by a red ugly thing (8 damage)
             ... on level 7 of the Dungeon.
             The game lasted 00:18:30 (7883 turns).

Shayle the Ducker (Djinni Warper)                   Turns: 7883, Time: 00:18:31

Health: -4/99      AC: 24    Str: 10    XL:     9   Next: 15%
Gold:   249        EV:  2    Int: 18    God:    Ashenzari [......] SH:  0 Dex: 14

rFire   . . .      SeeInvis .   k - +3 rapier (drain)
rCold   + + .      Faith    .   (no shield)
rNeg    . . .      Spirit   .   (armour currently unavailable)
rPois   ∞          Reflect  .   (helmet currently unavailable)
rElec   .          Harm     .   (cloak currently unavailable)
rCorr   .          Rampage  .   (gloves currently unavailable)
Will    .....      NoTele   +   (boots unavailable)
Stlth   +.........              (no amulet)
HPRegen 0.26/turn               n - ring of protection from cold
MPRegen 0.00/turn               m - ring of protection from cold

@: brilliant, tree-form
A: stationary, stasis, torment immunity, boosted hp, sickness immunity, (fire
resistance 2), (cold vulnerability 1), float, innate caster, hp casting, extra
vitality 1
a: Renounce Religion, Curse Item


You were on level 7 of the Dungeon.
You worshipped Ashenzari.
Ashenzari was noncommittal.
You were a tree.
You visited 2 branches of the dungeon, and saw 8 of its levels.

You collected 249 gold pieces.

Inventory:

Hand Weapons
 k - a +3 rapier of draining (weapon)
Armour
 a - a +0 leather armour (melded)
 d - a +0 helmet (melded)
 p - a +1 pair of gloves (melded)
Jewellery
 m - a ring of protection from cold (right branch)
 n - a ring of protection from cold (left branch)
Scrolls
 b - 3 scrolls of blinking
 e - 2 scrolls of magic mapping
 g - 4 scrolls of teleportation
Potions
 f - a potion of lignification
 i - a potion of haste
 j - 2 potions of flight


   Skills:
 + Level 5.7 Fighting
 - Level 0.7 Throwing
 - Level 1.0 Armour
 + Level 6.3 Dodging
 + Level 5.7 Unarmed Combat
 + Level 4.8 Spellcasting


You couldn't memorise any spells.
You knew the following spells:

 Your Spells              Type           Power      Damage    Failure   Level
a - Blink                 Tloc           64%        N/A       2%          2
b - Lesser Beckoning      Tloc           32%        N/A       5%          3
c - Gell's Gravitas       Tloc           32%        N/A       5%          3
d - Teleport Other        Tloc           32%        N/A       5%          3
e - Manifold Assault      Tloc           32%        N/A       45%         5
f - Foxfire               Conj/Fire      100%       2x1d9     1%          1
g - Call Imp              Summ           32%        N/A       2%          2
h - Poisonous Vapours     Pois/Air       64%        N/A       2%          2
i - Flame Wave            Conj/Fire      32%        2d7       19%         4
Your spell library was empty.

Dungeon Overview and Level Annotations

Branches:
Dungeon (7/15)             Temple (1/1) D:5

Altars:
Ashenzari
Fedhas
Gozag
Hepliaklqana
Kikubaaqudgha
Makhleb
Nemelex Xobeh
Okawaru
Ru
Trog
Uskayaw
Vehumet
Wu Jian
Xom
Yredelemnul
The Shining One

Shops:
D:3 [   D:4 :   D:5 [

Annotations:
D:3 2 runed translucent doors, hgbash's ghost, amateur OpCj


Innate Abilities, Weirdness & Mutations

You are a tree.
Your roots penetrate the ground, keeping you stationary.
You cannot be teleported.
You are immune to unholy pain and torment.
Your maximum health is greatly increased.
Your equipment is partially melded.
You are immune to sickness and miasma.
You are immune to poison.
((Your flesh is very heat resistant. (rF++)))
((You are vulnerable to cold. (rC-)))
You float through the air rather than walking.
You learn spells naturally, not from books.
Your magical power is your life essence.
You have superior vitality. (+4 MHP)


Message History

You hit the red ugly thing but do no damage.
The red ugly thing is severely wounded.
The orc hits you but does no damage.
The water moccasin bites you but does no damage.
The red ugly thing kicks you but does no damage.
You hit the red ugly thing.
The red ugly thing is severely wounded.
The water moccasin bites you but does no damage. x2
The red ugly thing kicks you but does no damage.
The orc hits you but does no damage.
You hit the red ugly thing but do no damage.
You drain the red ugly thing.
The red ugly thing is almost dead.
The water moccasin bites you but does no damage.
The red ugly thing kicks you but does no damage.
The orc hits you but does no damage. The orc hits you with a +0 hand axe.
* * * LOW HITPOINT WARNING * * *
The water moccasin bites you but does no damage.
You hit the red ugly thing. You drain the red ugly thing.
The red ugly thing is almost dead.
The water moccasin bites you but does no damage.
The red ugly thing kicks you but does no damage.
The orc hits you with a +0 battleaxe!
* * * LOW HITPOINT WARNING * * *
The orc hits you but does no damage.
You hit the red ugly thing.
The red ugly thing is almost dead.
The water moccasin bites you but does no damage.
The red ugly thing kicks you but does no damage.
The orc hits you but does no damage. x2
The water moccasin bites you but does no damage.
The red ugly thing kicks you but does no damage.
You hit the red ugly thing.
The red ugly thing is almost dead.
The water moccasin barely misses you. The orc barely misses you.
The orc hits you with a +0 hand axe.
* * * LOW HITPOINT WARNING * * *
The water moccasin bites you but does no damage.
The red ugly thing kicks you!
You die...

##........##
#..........#
#...)......#
#..........## #
#...........# .##
#...........# ...#
#...........# ..... ##
##.......oo.#...... .##
#.......♣u........ ..###
##.......S........
##..## ##...............
##..## ###.......<.....
##..#####...............
###..#....##...........
##....####..........#
##.### #.........## #..#
.....


You could see a red ugly thing (drained), a water moccasin and 2 orcs.

Vanquished Creatures
  Grinder (D:6)
  Eustachio (D:4)
  A black bear (D:6)
  A necrophage (D:6)
  An ogre (D:5)
  2 centaurs
  A phantom (D:4)
  A bullfrog (D:5)
  2 scorpions (D:6)
  A water moccasin skeleton (D:4)
  2 orc priests (D:3)
  2 hounds (D:6)
  2 iguanas
  3 orc wizards
  8 adders
  An ufetubus (D:4)
  3 adder skeletons
  A worm (D:3)
  6 dart slugs
  12 orcs
  3 bats
  5 endoplasms
  3 giant cockroaches
  7 goblins
  6 hobgoblins
  3 jackals (D:4)
  2 quokkas
  6 ball pythons
  4 frilled lizards
  6 kobolds
  3 rats (D:2)
100 creatures vanquished.

Vanquished Creatures (collateral kills)
  Menkaure (D:7)
1 creature vanquished.

Vanquished Creatures (others)
  256 foxfires
  23 fungi (D:6)
279 creatures vanquished.

Grand Total: 380 creatures vanquished

Notes
Turn   | Place    | Note
-------+----------+-------------------------------------------
     0 | D:1      | Shayle the Djinni Warper began the quest for the Orb.
     0 | D:1      | Reached XP level 1. HP: 18/18 MP: 0/0
    76 | D:1      | Found a faded altar of an unknown god.
   216 | D:1      | Reached XP level 2. HP: 12/23 MP: 0/0
   473 | D:1      | You are sucked into a shaft and drop 1 floor!
   728 | D:2      | Reached XP level 3. HP: 19/29 MP: 0/0
   728 | D:2      | Learned a level 1 spell: Foxfire
  1823 | D:3      | Found a runed translucent door.
  1828 | D:3      | Noticed hgbash's ghost (amateur OpCj)
  1832 | D:3      | Reached XP level 4. HP: 33/34 MP: 0/0
  2008 | D:3      | Found a runed translucent door.
  2133 | D:3      | Found a bloodstained altar of Trog.
  2228 | D:3      | Found Qogot's Antique Armour Boutique.
  2240 | D:3      | Reached skill level 3 in Dodging
  2630 | D:3      | Reached XP level 5. HP: 38/40 MP: 0/0
  2630 | D:3      | Learned a level 2 spell: Call Imp
  3303 | D:3      | Reached XP level 6. HP: 39/46 MP: 0/0
  3788 | D:4      | Found Kiofunk's Book Boutique.
  3843 | D:4      | Noticed Eustachio
  3869 | D:4      | Killed Eustachio
  3870 | D:4      | Reached skill level 4 in Dodging
  3951 | D:4      | Reached XP level 7. HP: 10/51 MP: 0/0
  3951 | D:4      | Learned a level 2 spell: Poisonous Vapours
  5363 | D:5      | Entered Level 5 of the Dungeon
  5470 | D:5      | Found Huat's Armour Shop.
  5752 | D:5      | Found a staircase to the Ecumenical Temple.
  5763 | Temple   | Entered the Ecumenical Temple
  5810 | Temple   | Became a worshipper of Ashenzari the Shackled
  5857 | D:5      | Found a shimmering altar of Xom.
  5866 | D:5      | Found a burning altar of Makhleb.
  5869 | D:5      | Found an opulent altar of Gozag.
  5877 | D:5      | Found a glowing golden altar of the Shining One.
  6278 | D:6      | Reached XP level 8. HP: 56/58 MP: 0/0
  6299 | D:6      | Noticed Grinder
  6331 | D:6      | Reached skill level 5 in Dodging
  6708 | D:6      | Reached skill level 5 in Fighting
  6708 | D:6      | Reached skill level 5 in Unarmed Combat
  7109 | D:6      | Found a sacrificial altar of Ru.
  7194 | D:6      | Paralysed by Grinder for 6 turns
  7212 | D:6      | Killed Grinder
  7213 | D:6      | Reached skill level 6 in Dodging
  7334 | D:6      | Found a hide-covered altar of Uskayaw.
  7345 | D:6      | Reached XP level 9. HP: 60/65 MP: 0/0
  7345 | D:6      | Learned a level 4 spell: Flame Wave
  7746 | D:7      | Noticed Menkaure
  7754 | D:7      | Killed Menkaure
  7856 | D:7      | Noticed a brown ugly thing
  7883 | D:7      | HP: 4/99 [orc (2)]
  7883 | D:7      | Slain by a red ugly thing

Illustrated notes

Levels and vault maps discovered:
D:1:      dpeg_arrival_round_a, layout_loops_ring,
          nicolae_ecumenical_lake_church, minmay_misc_feat_cross
D:2:      layout_loops_ring, basic_altar
D:3:      layout_loops_ring, lightli_temple_of_fire, serial_shops, shop,
          ebering_ghost_sewer_f
D:4:      layout_layer_cave, serial_shops, shop, uniq_eustachio
D:5:      layout_rooms, nicolae_overflow_hallway_of_the_gods,
          minmay_temple_entry_glassed_door, serial_shops, shop,
          kennysheep_path_1
D:6:      layout_loops_ring, mainiacjoe_overflow_concentric_impassable,
          mainiacjoe_overflow_chevrons, serial_bayou_crossing, uniq_grinder
D:7:      layout_cave_pods, serial_shops, nicolae_inconvenience_store,
          uniq_pikel, uniq_menkaure
Temple:   jpeg_temple_alley_garden

Skill      XL: |  1  2  3  4  5  6  7  8 |
---------------+-------------------------+-----
Dodging        | 3 4 6 |  6.3
Fighting       | 3 4 5 |  5.7
Unarmed Combat | 3 4 5 |  5.7
Spellcasting   | 3 4 |  4.8
Throwing       | |  0.7
Armour         | |  1.0

Action                   |  1- 3 |  4- 6 |  7- 9 || total
-------------------------+-------+-------+-------++-------
Melee: Unarmed           |    72 |    26 |       ||    98
       Rapier            |       |    14 |    81 ||    95
       Punch             |       |       |     2 ||     2
Throw: Boomerang         |       |       |     5 ||     5
 Cast: Foxfire           |    22 |    69 |    64 ||   155
       Call Imp          |       |     1 |     3 ||     4
       Flame Wave        |       |       |     4 ||     4
  Use: Potion            |       |     5 |     6 ||    11
       Scroll            |       |     2 |     7 ||     9
Armor: Leather armour    |    13 |    16 |    23 ||    52
       Skin              |       |     1 |    29 ||    30
Dodge: Dodged            |    53 |    33 |    64 ||   150

Table legend: (Time is in decaauts)
 A = Elapsed time spent in this place.
 B = Non-inter-level travel time spent in this place.
 C = Inter-level travel time spent in this place.
 D = Time resting spent in this place.
 E = Time spent auto-exploring this place.
 F = Levels seen in this place.
 G = Mean time per level.
                   A        B        C        D        E       F      G
               +--------+--------+--------+--------+--------+-----+--------+
         Total |   7906 |   7564 |    342 |    996 |   5178 |   8 |  988.2 |
       Dungeon |   7825 |   7516 |    309 |    996 |   5139 |   7 | 1117.9 |
        Temple |     80 |     47 |     33 |      0 |     39 |   1 |   80.0 |
               +--------+--------+--------+--------+--------+-----+--------+

Top non-repeatable levels by time:
     D:4: 1892 daAuts
     D:3: 1767 daAuts
     D:2: 1408 daAuts
     D:6: 995 daAuts
     D:5: 803 daAuts
     D:7: 486 daAuts
     D:1: 471 daAuts
  Temple: 80 daAuts
